[ AOE2 MATCH · #460980141 ]
UnrankedTeutons vs Byzantines
[ REPLAY ANALYSIS · EXTRACTED FROM THE RECORDED GAME ]
Feudal
11:22
Castle
15:02
Imperial
28:06
| APM avg | 37.0 |
| APM peak | 77 |
| eAPM avg | 23.2 |
| Villagers / military | 166 / 336 |
Focus
⚔️ 42.6% · 🌾 57.4%
Knight ×199 · Spearman ×122 · Trade Cart ×13 · Battering Ram ×11 · Monk ×3 · Trebuchet (Packed) ×1
Feudal
10:43
Castle
15:53
Imperial
37:33
| APM avg | 18.6 |
| APM peak | 77 |
| eAPM avg | 9.0 |
| Villagers / military | 133 / 47 |
Focus
⚔️ 17.3% · 🌾 82.7%
Cataphract ×28 · Spearman ×17 · Trebuchet (Packed) ×2
Feudal
12:37
Castle
25:37
Imperial
43:35
| APM avg | 21.9 |
| APM peak | 46 |
| eAPM avg | 15.5 |
| Villagers / military | 169 / 124 |
Focus
⚔️ 30.1% · 🌾 69.9%
Knight ×105 · Battering Ram ×11 · Steppe Lancer ×5 · Archer ×3
Feudal
10:43
Castle
15:32
Imperial
—
| APM avg | 25.5 |
| APM peak | 87 |
| eAPM avg | 7.6 |
| Villagers / military | 70 / 9 |
Focus
⚔️ 29.9% · 🌾 70.1%
Unknown (1968) ×43 · Battering Ram ×4 · Mangonel ×3 · Spearman ×2
Feudal
9:44
Castle
16:01
Imperial
36:17
| APM avg | 29.5 |
| APM peak | 69 |
| eAPM avg | 19.5 |
| Villagers / military | 175 / 369 |
Focus
⚔️ 36.9% · 🌾 63.1%
Spearman ×118 · Jaguar Warrior ×114 · Skirmisher ×55 · Eagle Scout ×49 · Archer ×31 · Monk ×2
Feudal
15:22
Castle
20:23
Imperial
36:18
| APM avg | 17.2 |
| APM peak | 61 |
| eAPM avg | 12.5 |
| Villagers / military | 104 / 321 |
Focus
⚔️ 27.4% · 🌾 72.6%
Boyar ×321
Feudal
11:07
Castle
15:57
Imperial
35:36
| APM avg | 27.4 |
| APM peak | 69 |
| eAPM avg | 17.5 |
| Villagers / military | 173 / 319 |
Focus
⚔️ 32.2% · 🌾 67.8%
Spearman ×275 · Hussite Wagon ×22 · Bombard Cannon ×19 · Battering Ram ×2 · Mangonel ×1
Feudal
13:24
Castle
17:19
Imperial
39:12
| APM avg | 22.5 |
| APM peak | 70 |
| eAPM avg | 16.2 |
| Villagers / military | 148 / 247 |
Focus
⚔️ 49.2% · 🌾 50.8%
Archer ×115 · Spearman ×74 · Serjeant ×28 · Battering Ram ×23 · Petard ×4 · Trebuchet (Packed) ×3
Match map
Initial resources + every placement click. Lines = walls · curves = elevation contours. ◆ gold · ⬟ stone · ● berries · ✦ relic · ◌ wall gap
Your base· ✓ Closed at 15:02 · 0t walls · 3 gate(s)
Akakabuto's base· ✓ Closed at 15:53 · 0t walls · 2 gate(s)
caillou's base· ✓ Closed at 25:37 · 0t walls · 2 gate(s)
oscabar85's base· ✓ Closed at 15:32 · 0t walls · 3 gate(s)
PaPi's base· ✓ Closed at 16:01 · 0t walls · 3 gate(s)
Vans's base· ✓ Closed at 20:23 · 0t walls · 2 gate(s)
Liiiii's base· ✓ Closed at 15:57 · 0t walls · 2 gate(s)
djsuperguillermo's base· ✓ Closed at 17:19 · 0t walls · 3 gate(s)
Smoothed initial terrain · ◌ = detected wall gap · hover for details
Inputs per minute
— Lemmy Kilmister - - Akakabuto
Build order — Lemmy Kilmister
First 150 of 736 actions detected
| 0:01 | Create | Villager (Male) |
| 0:01 | Create | Villager (Male) |
| 0:02 | Create | Villager (Male) |
| 0:02 | Create | Villager (Male) |
| 0:04 | Build | House |
| 0:06 | Build | House |
| 1:26 | Create | Villager (Male) |
| 1:26 | Create | Villager (Male) |
| 1:26 | Create | Villager (Male) |
| 1:52 | Build | Lumber Camp |
| 2:00 | Create | Villager (Male) |
| 2:00 | Create | Villager (Male) |
| 2:23 | Create | Villager (Male) |
| 2:23 | Create | Villager (Male) |
| 2:24 | Create | Villager (Male) |
| 2:53 | Create | Villager (Male) |
| 2:53 | Create | Villager (Male) |
| 2:53 | Create | Villager (Male) |
| 3:09 | Create | Villager (Male) |
| 3:10 | Create | Villager (Male) |
| 3:37 | Create | Villager (Male) |
| 3:37 | Create | Villager (Male) |
| 3:37 | Create | Villager (Male) |
| 3:51 | Build | House |
| 4:05 | Create | Villager (Male) |
| 4:05 | Create | Villager (Male) |
| 4:05 | Create | Villager (Male) |
| 4:12 | Create | Villager (Male) |
| 5:02 | Create | Villager (Male) |
| 5:02 | Create | Villager (Male) |
| 5:02 | Create | Villager (Male) |
| 5:57 | Build | House |
| 6:17 | Create | Villager (Male) |
| 6:34 | Create | Villager (Male) |
| 6:40 | Create | Villager (Male) |
| 6:45 | Build | House |
| 6:49 | Build | Mill |
| 7:04 | Create | Villager (Male) |
| 7:41 | Create | Villager (Male) |
| 7:41 | Create | Villager (Male) |
| 7:41 | Create | Villager (Male) |
| 7:58 | Build | Farm |
| 8:01 | Build | Farm |
| 8:06 | Build | Farm |
| 8:33 | Research | Feudal Age |
| 8:48 | Build | Mining Camp |
| 9:30 | Create | Villager (Male) |
| 9:30 | Create | Villager (Male) |
| 10:06 | Build | Lumber Camp |
| 10:41 | Build | Barracks |
| 11:22 | Age | Feudal Age |
| 11:38 | Build | Stable |
| 11:43 | Build | Blacksmith |
| 12:22 | Research | Castle Age |
| 12:32 | Build | Farm |
| 12:35 | Build | Farm |
| 12:38 | Build | Farm |
| 12:39 | Build | Farm |
| 12:41 | Create | Villager (Male) |
| 13:10 | Build | Farm |
| 13:37 | Research | Horse Collar |
| 13:48 | Create | Villager (Male) |
| 14:18 | Build | House |
| 14:20 | Build | House |
| 15:02 | Age | Castle Age |
| 15:05 | Build | Town Center |
| 15:12 | Build | Town Center |
| 15:17 | Build | House |
| 15:28 | Research | Loom |
| 15:46 | Build | Monastery |
| 15:50 | Create | Villager (Male) |
| 16:18 | Research | Double-Bit Axe |
| 16:25 | Research | Heavy Plow |
| 16:26 | Research | Heavy Plow |
| 16:26 | Research | Heavy Plow |
| 16:38 | Create | Villager (Male) |
| 16:54 | Build | House |
| 17:10 | Create | Monk |
| 17:15 | Create | Villager (Male) |
| 17:21 | Create | Villager (Male) |
| 17:25 | Create | Villager (Male) |
| 17:26 | Create | Villager (Male) |
| 17:31 | Build | Farm |
| 17:36 | Build | Farm |
| 17:46 | Create | Monk |
| 17:56 | Build | Farm |
| 17:59 | Build | Farm |
| 18:01 | Build | Farm |
| 18:04 | Build | House |
| 18:04 | Build | House |
| 18:07 | Create | Villager (Male) |
| 18:08 | Create | Villager (Male) |
| 18:08 | Create | Villager (Male) |
| 18:11 | Build | Farm |
| 18:21 | Build | Farm |
| 18:25 | Build | Farm |
| 18:30 | Create | Villager (Male) |
| 18:31 | Create | Villager (Male) |
| 18:31 | Create | Villager (Male) |
| 18:52 | Create | Villager (Male) |
| 18:52 | Create | Villager (Male) |
| 18:52 | Create | Villager (Male) |
| 18:54 | Research | Wheelbarrow |
| 18:58 | Build | Farm |
| 19:03 | Build | House |
| 19:05 | Build | House |
| 19:25 | Build | House |
| 19:26 | Create | Villager (Male) |
| 19:26 | Create | Villager (Male) |
| 19:27 | Create | Villager (Male) |
| 19:28 | Create | Villager (Male) |
| 19:28 | Create | Villager (Male) |
| 19:28 | Create | Villager (Male) |
| 19:33 | Build | Farm |
| 19:36 | Build | Farm |
| 19:37 | Create | Villager (Male) |
| 19:54 | Research | Fervor |
| 20:03 | Research | Town Watch |
| 20:08 | Build | House |
| 20:09 | Build | House |
| 20:11 | Create | Villager (Male) |
| 20:11 | Create | Villager (Male) |
| 20:15 | Build | Farm |
| 20:18 | Build | Farm |
| 20:30 | Build | Stable |
| 20:33 | Build | Stable |
| 20:36 | Create | Villager (Male) |
| 20:37 | Create | Villager (Male) |
| 20:37 | Create | Villager (Male) |
| 20:40 | Research | Gold Mining |
| 20:51 | Create | Monk |
| 21:02 | Create | Villager (Male) |
| 21:03 | Create | Villager (Male) |
| 21:03 | Create | Villager (Male) |
| 21:10 | Build | Farm |
| 21:14 | Build | Market |
| 21:17 | Build | Farm |
| 21:21 | Create | Villager (Male) |
| 21:21 | Create | Villager (Male) |
| 21:22 | Create | Villager (Male) |
| 21:24 | Build | House |
| 21:25 | Build | House |
| 21:26 | Build | House |
| 21:31 | Create | Villager (Male) |
| 21:31 | Create | Villager (Male) |
| 21:32 | Create | Villager (Male) |
| 21:40 | Build | Farm |
| 21:45 | Build | Farm |
| 22:10 | Build | Stable |
| 22:21 | Build | Stable |
Build order — Akakabuto
First 150 of 266 actions detected
| 0:01 | Create | Villager (Male) |
| 0:01 | Create | Villager (Male) |
| 0:02 | Create | Villager (Male) |
| 0:02 | Create | Villager (Male) |
| 0:02 | Create | Villager (Male) |
| 0:04 | Build | House |
| 0:05 | Build | House |
| 1:27 | Create | Villager (Male) |
| 1:28 | Create | Villager (Male) |
| 1:28 | Create | Villager (Male) |
| 1:58 | Create | Villager (Male) |
| 1:59 | Create | Villager (Male) |
| 2:22 | Build | House |
| 2:23 | Build | House |
| 2:25 | Create | Villager (Male) |
| 2:26 | Create | Villager (Male) |
| 2:41 | Create | Villager (Male) |
| 2:41 | Create | Villager (Male) |
| 2:41 | Create | Villager (Male) |
| 3:07 | Create | Villager (Male) |
| 3:08 | Create | Villager (Male) |
| 3:28 | Build | Mill |
| 3:29 | Create | Villager (Male) |
| 3:30 | Create | Villager (Male) |
| 4:15 | Create | Villager (Male) |
| 4:15 | Create | Villager (Male) |
| 4:15 | Create | Villager (Male) |
| 4:36 | Create | Villager (Male) |
| 4:36 | Create | Villager (Male) |
| 4:57 | Create | Villager (Male) |
| 4:58 | Create | Villager (Male) |
| 4:58 | Create | Villager (Male) |
| 5:07 | Create | Villager (Male) |
| 5:08 | Create | Villager (Male) |
| 5:54 | Create | Villager (Male) |
| 5:54 | Create | Villager (Male) |
| 5:55 | Create | Villager (Male) |
| 6:32 | Build | Lumber Camp |
| 7:00 | Build | Mining Camp |
| 7:08 | Create | Villager (Male) |
| 7:13 | Create | Villager (Male) |
| 7:51 | Create | Villager (Male) |
| 8:33 | Research | Feudal Age |
| 9:05 | Create | Villager (Male) |
| 9:06 | Create | Villager (Male) |
| 9:48 | Create | Villager (Male) |
| 9:48 | Create | Villager (Male) |
| 9:53 | Build | House |
| 9:54 | Build | House |
| 10:05 | Build | Barracks |
| 10:19 | Create | Villager (Male) |
| 10:43 | Age | Feudal Age |
| 11:21 | Build | Blacksmith |
| 11:33 | Build | Market |
| 11:55 | Research | Loom |
| 13:00 | Research | Castle Age |
| 13:23 | Research | Double-Bit Axe |
| 13:53 | Research | Horse Collar |
| 14:00 | Build | Farm |
| 14:02 | Build | Farm |
| 14:14 | Build | Farm |
| 14:15 | Build | Farm |
| 14:16 | Build | Farm |
| 14:17 | Build | Farm |
| 14:19 | Build | Farm |
| 14:32 | Build | Farm |
| 14:47 | Build | Farm |
| 15:00 | Build | Farm |
| 15:15 | Create | Villager (Male) |
| 15:31 | Create | Villager (Male) |
| 15:32 | Create | Villager (Male) |
| 15:32 | Create | Villager (Male) |
| 15:53 | Age | Castle Age |
| 16:02 | Create | Villager (Male) |
| 16:02 | Create | Villager (Male) |
| 16:03 | Create | Villager (Male) |
| 16:13 | Build | Town Center |
| 16:36 | Create | Spearman |
| 17:12 | Create | Villager (Male) |
| 17:12 | Create | Villager (Male) |
| 17:13 | Create | Villager (Male) |
| 17:32 | Build | House |
| 17:37 | Create | Villager (Male) |
| 17:37 | Create | Villager (Male) |
| 17:38 | Create | Villager (Male) |
| 18:03 | Build | Farm |
| 18:04 | Build | Farm |
| 18:05 | Build | Farm |
| 18:16 | Build | Farm |
| 18:17 | Build | Farm |
| 18:22 | Build | Farm |
| 18:41 | Create | Villager (Male) |
| 18:41 | Create | Villager (Male) |
| 18:44 | Create | Villager (Male) |
| 19:09 | Build | Farm |
| 19:11 | Build | Farm |
| 19:26 | Create | Villager (Male) |
| 19:26 | Create | Villager (Male) |
| 19:31 | Build | House |
| 19:35 | Build | House |
| 19:37 | Build | House |
| 19:58 | Create | Villager (Male) |
| 19:58 | Create | Villager (Male) |
| 20:11 | Build | Farm |
| 20:13 | Build | Farm |
| 20:16 | Build | Farm |
| 20:19 | Build | Farm |
| 20:31 | Create | Villager (Male) |
| 21:09 | Build | Farm |
| 21:10 | Build | Farm |
| 21:13 | Build | Farm |
| 21:26 | Create | Villager (Male) |
| 21:26 | Create | Villager (Male) |
| 21:50 | Build | Castle |
| 22:03 | Create | Villager (Male) |
| 22:03 | Create | Villager (Male) |
| 22:09 | Research | Bow Saw |
| 22:27 | Create | Spearman |
| 22:27 | Create | Spearman |
| 22:27 | Create | Spearman |
| 22:28 | Create | Spearman |
| 22:28 | Create | Spearman |
| 22:28 | Create | Spearman |
| 22:28 | Create | Spearman |
| 22:29 | Create | Spearman |
| 22:29 | Create | Spearman |
| 22:29 | Create | Spearman |
| 22:29 | Create | Spearman |
| 22:30 | Create | Spearman |
| 22:30 | Create | Spearman |
| 22:41 | Build | Gate |
| 22:53 | Create | Spearman |
| 22:53 | Create | Spearman |
| 22:53 | Create | Spearman |
| 24:49 | Build | House |
| 25:29 | Build | Mining Camp |
| 26:02 | Build | Lumber Camp |
| 26:35 | Build | Castle |
| 27:02 | Build | Town Center |
| 27:22 | Build | Gate |
| 27:43 | Create | Cataphract |
| 27:44 | Create | Cataphract |
| 27:44 | Create | Cataphract |
| 27:44 | Create | Cataphract |
| 27:44 | Create | Cataphract |
| 27:45 | Create | Cataphract |
| 27:45 | Create | Cataphract |
| 27:45 | Create | Cataphract |
| 27:46 | Create | Cataphract |
| 27:46 | Create | Cataphract |
Build order — caillou
First 150 of 452 actions detected
| 0:02 | Create | Villager (Male) |
| 0:02 | Create | Villager (Male) |
| 0:03 | Create | Villager (Male) |
| 0:03 | Create | Villager (Male) |
| 0:03 | Create | Villager (Male) |
| 0:06 | Build | House |
| 0:09 | Build | House |
| 1:45 | Create | Villager (Male) |
| 1:45 | Create | Villager (Male) |
| 2:18 | Create | Villager (Male) |
| 2:18 | Create | Villager (Male) |
| 2:18 | Create | Villager (Male) |
| 2:56 | Create | Villager (Male) |
| 2:57 | Create | Villager (Male) |
| 2:57 | Create | Villager (Male) |
| 3:08 | Create | Villager (Male) |
| 3:08 | Create | Villager (Male) |
| 3:38 | Build | Lumber Camp |
| 3:41 | Create | Villager (Male) |
| 3:42 | Create | Villager (Male) |
| 3:47 | Create | Villager (Male) |
| 3:47 | Create | Villager (Male) |
| 3:53 | Build | House |
| 3:56 | Build | House |
| 4:22 | Create | Villager (Male) |
| 4:23 | Create | Villager (Male) |
| 4:23 | Create | Villager (Male) |
| 4:28 | Create | Villager (Male) |
| 4:28 | Create | Villager (Male) |
| 4:59 | Create | Villager (Male) |
| 5:00 | Create | Villager (Male) |
| 5:16 | Build | House |
| 5:33 | Create | Villager (Male) |
| 5:45 | Create | Villager (Male) |
| 6:25 | Create | Villager (Male) |
| 6:26 | Create | Villager (Male) |
| 6:26 | Create | Villager (Male) |
| 6:54 | Create | Villager (Male) |
| 7:10 | Create | Villager (Male) |
| 7:34 | Create | Villager (Male) |
| 7:50 | Create | Villager (Male) |
| 7:50 | Create | Villager (Male) |
| 7:51 | Create | Villager (Male) |
| 7:51 | Create | Villager (Male) |
| 8:04 | Create | Villager (Male) |
| 8:58 | Build | Mill |
| 9:08 | Create | Villager (Male) |
| 9:13 | Create | Villager (Male) |
| 9:37 | Research | Feudal Age |
| 10:04 | Build | Mining Camp |
| 10:48 | Build | House |
| 10:53 | Build | House |
| 12:11 | Build | House |
| 12:12 | Build | House |
| 12:37 | Age | Feudal Age |
| 12:41 | Build | Town Center |
| 12:53 | Research | Wheelbarrow |
| 12:56 | Research | Double-Bit Axe |
| 13:00 | Research | Horse Collar |
| 13:18 | Build | Farm |
| 13:27 | Build | Farm |
| 13:29 | Build | Farm |
| 13:30 | Build | Farm |
| 13:32 | Build | Farm |
| 13:35 | Create | Villager (Male) |
| 14:06 | Create | Villager (Male) |
| 14:08 | Create | Villager (Male) |
| 14:10 | Create | Villager (Male) |
| 14:13 | Build | Farm |
| 14:25 | Build | Farm |
| 14:28 | Create | Villager (Male) |
| 14:48 | Create | Villager (Male) |
| 14:56 | Build | Farm |
| 15:09 | Create | Villager (Male) |
| 15:11 | Create | Villager (Male) |
| 15:14 | Create | Villager (Male) |
| 15:27 | Create | Villager (Male) |
| 15:33 | Build | Barracks |
| 15:35 | Build | House |
| 15:40 | Create | Villager (Male) |
| 15:53 | Build | Blacksmith |
| 16:06 | Build | Farm |
| 16:08 | Create | Villager (Male) |
| 16:09 | Create | Villager (Male) |
| 16:15 | Build | Farm |
| 16:19 | Build | Farm |
| 16:23 | Create | Villager (Male) |
| 16:25 | Create | Villager (Male) |
| 16:27 | Create | Villager (Male) |
| 16:43 | Build | Farm |
| 16:45 | Create | Villager (Male) |
| 16:58 | Create | Villager (Male) |
| 17:00 | Create | Villager (Male) |
| 17:16 | Build | Archery Range |
| 17:20 | Create | Villager (Male) |
| 17:21 | Create | Villager (Male) |
| 17:26 | Build | Siege Workshop |
| 17:33 | Create | Villager (Male) |
| 17:39 | Create | Villager (Male) |
| 17:43 | Create | Villager (Male) |
| 17:56 | Research | Gold Mining |
| 17:57 | Create | Battering Ram |
| 18:08 | Research | Fletching |
| 18:12 | Create | Archer |
| 18:14 | Create | Archer |
| 18:17 | Build | Farm |
| 18:23 | Build | House |
| 18:24 | Build | House |
| 18:30 | Build | Farm |
| 18:32 | Create | Villager (Male) |
| 18:36 | Create | Archer |
| 18:54 | Create | Battering Ram |
| 19:06 | Create | Villager (Male) |
| 19:16 | Build | Stable |
| 19:21 | Build | Stable |
| 19:24 | Create | Battering Ram |
| 19:26 | Create | Villager (Male) |
| 19:27 | Create | Villager (Male) |
| 19:34 | Create | Villager (Male) |
| 19:36 | Create | Villager (Male) |
| 20:00 | Build | House |
| 20:01 | Build | House |
| 20:03 | Research | Forging |
| 20:10 | Build | Farm |
| 20:11 | Create | Villager (Male) |
| 20:13 | Build | Farm |
| 20:14 | Build | Farm |
| 20:16 | Build | Farm |
| 20:17 | Build | Farm |
| 20:51 | Create | Villager (Male) |
| 20:52 | Create | Villager (Male) |
| 20:59 | Build | Farm |
| 21:00 | Build | Farm |
| 21:03 | Build | Farm |
| 21:06 | Create | Battering Ram |
| 21:12 | Build | House |
| 21:15 | Build | House |
| 21:22 | Research | Scale Barding Armor |
| 21:33 | Build | Market |
| 21:35 | Create | Villager (Male) |
| 21:42 | Create | Battering Ram |
| 22:17 | Create | Villager (Male) |
| 22:21 | Create | Villager (Male) |
| 22:30 | Create | Battering Ram |
| 22:56 | Research | Castle Age |
| 23:17 | Create | Battering Ram |
| 23:50 | Create | Villager (Male) |
| 23:52 | Build | Farm |
| 23:54 | Research | Bloodlines |
| 24:00 | Create | Villager (Male) |
Build order — oscabar85
First 150 of 165 actions detected
| 0:01 | Create | Villager (Male) |
| 0:01 | Create | Villager (Male) |
| 0:01 | Create | Villager (Male) |
| 0:02 | Create | Villager (Male) |
| 0:02 | Create | Villager (Male) |
| 0:05 | Build | House |
| 0:07 | Build | House |
| 0:08 | Build | House |
| 0:10 | Build | House |
| 1:39 | Create | Villager (Male) |
| 1:39 | Create | Villager (Male) |
| 2:18 | Create | Villager (Male) |
| 2:18 | Create | Villager (Male) |
| 2:18 | Create | Villager (Male) |
| 2:47 | Build | Lumber Camp |
| 3:01 | Create | Villager (Male) |
| 3:01 | Create | Villager (Male) |
| 3:01 | Create | Villager (Male) |
| 3:01 | Create | Villager (Male) |
| 3:25 | Create | Villager (Male) |
| 3:26 | Create | Villager (Male) |
| 3:42 | Create | Villager (Male) |
| 3:42 | Create | Villager (Male) |
| 3:42 | Create | Villager (Male) |
| 4:17 | Create | Villager (Male) |
| 4:18 | Create | Villager (Male) |
| 4:53 | Create | Villager (Male) |
| 4:54 | Create | Villager (Male) |
| 5:15 | Create | Villager (Male) |
| 5:15 | Create | Villager (Male) |
| 5:16 | Create | Villager (Male) |
| 5:22 | Build | Mill |
| 5:40 | Create | Villager (Male) |
| 5:40 | Create | Villager (Male) |
| 5:40 | Create | Villager (Male) |
| 5:41 | Create | Villager (Male) |
| 7:00 | Create | Villager (Male) |
| 7:00 | Create | Villager (Male) |
| 7:01 | Create | Villager (Male) |
| 7:47 | Build | Mining Camp |
| 8:25 | Research | Feudal Age |
| 8:26 | Research | Loom |
| 8:53 | Build | House |
| 8:54 | Build | House |
| 8:57 | Build | Barracks |
| 10:27 | Build | House |
| 10:43 | Age | Feudal Age |
| 10:54 | Build | Market |
| 11:02 | Build | Market |
| 11:22 | Research | Double-Bit Axe |
| 11:23 | Research | Double-Bit Axe |
| 11:23 | Research | Double-Bit Axe |
| 12:25 | Build | Blacksmith |
| 12:45 | Create | Spearman |
| 12:45 | Create | Spearman |
| 12:52 | Research | Castle Age |
| 12:52 | Research | Castle Age |
| 13:37 | Build | Mining Camp |
| 15:03 | Create | Villager (Male) |
| 15:03 | Create | Villager (Male) |
| 15:03 | Create | Villager (Male) |
| 15:04 | Create | Villager (Male) |
| 15:04 | Create | Villager (Male) |
| 15:04 | Create | Villager (Male) |
| 15:05 | Create | Villager (Male) |
| 15:05 | Create | Villager (Male) |
| 15:32 | Age | Castle Age |
| 16:02 | Build | Castle |
| 16:17 | Research | Fletching |
| 16:17 | Research | Fletching |
| 16:51 | Build | Mining Camp |
| 17:15 | Build | Siege Workshop |
| 17:18 | Build | Lumber Camp |
| 17:22 | Create | Unit 1968 |
| 17:23 | Create | Unit 1968 |
| 17:23 | Create | Unit 1968 |
| 17:23 | Create | Unit 1968 |
| 17:30 | Create | Villager (Male) |
| 17:30 | Create | Villager (Male) |
| 17:31 | Create | Villager (Male) |
| 17:41 | Create | Battering Ram |
| 17:41 | Create | Battering Ram |
| 17:41 | Create | Battering Ram |
| 17:41 | Create | Battering Ram |
| 17:46 | Create | Villager (Male) |
| 17:46 | Create | Villager (Male) |
| 17:46 | Create | Villager (Male) |
| 18:08 | Create | Unit 1968 |
| 18:08 | Create | Unit 1968 |
| 18:08 | Create | Unit 1968 |
| 18:20 | Create | Unit 1968 |
| 18:21 | Create | Unit 1968 |
| 18:21 | Create | Unit 1968 |
| 18:29 | Create | Unit 1968 |
| 18:29 | Create | Unit 1968 |
| 18:29 | Create | Unit 1968 |
| 18:41 | Create | Unit 1968 |
| 18:41 | Create | Unit 1968 |
| 18:41 | Create | Unit 1968 |
| 19:25 | Create | Unit 1968 |
| 19:26 | Create | Unit 1968 |
| 19:26 | Create | Unit 1968 |
| 19:26 | Create | Unit 1968 |
| 19:34 | Build | Farm |
| 19:34 | Build | Farm |
| 19:34 | Build | Farm |
| 19:35 | Build | Farm |
| 19:35 | Build | Farm |
| 19:49 | Create | Unit 1968 |
| 19:49 | Create | Unit 1968 |
| 19:50 | Create | Unit 1968 |
| 19:50 | Create | Unit 1968 |
| 20:04 | Create | Unit 1968 |
| 20:04 | Create | Unit 1968 |
| 20:05 | Create | Unit 1968 |
| 20:35 | Create | Unit 1968 |
| 20:35 | Create | Unit 1968 |
| 20:35 | Create | Unit 1968 |
| 20:36 | Create | Unit 1968 |
| 20:36 | Create | Unit 1968 |
| 21:05 | Create | Unit 1968 |
| 21:06 | Create | Unit 1968 |
| 21:06 | Create | Unit 1968 |
| 21:06 | Create | Unit 1968 |
| 21:06 | Create | Unit 1968 |
| 21:17 | Create | Villager (Male) |
| 21:17 | Create | Villager (Male) |
| 21:17 | Create | Villager (Male) |
| 21:27 | Build | Mining Camp |
| 21:35 | Create | Mangonel |
| 21:36 | Create | Mangonel |
| 21:36 | Create | Mangonel |
| 22:05 | Create | Villager (Male) |
| 22:05 | Create | Villager (Male) |
| 22:15 | Build | House |
| 22:16 | Build | House |
| 22:17 | Build | House |
| 25:47 | Build | Outpost |
| 25:57 | Create | Villager (Male) |
| 25:57 | Create | Villager (Male) |
| 25:58 | Create | Villager (Male) |
| 25:58 | Create | Villager (Male) |
| 25:59 | Create | Villager (Male) |
| 26:59 | Create | Villager (Male) |
| 26:59 | Create | Villager (Male) |
| 27:21 | Create | Unit 1968 |
| 27:21 | Create | Unit 1968 |
| 27:21 | Create | Unit 1968 |
| 27:21 | Create | Unit 1968 |
| 27:22 | Create | Unit 1968 |
Build order — PaPi
First 150 of 605 actions detected
| 0:05 | Build | House |
| 0:06 | Create | Villager (Male) |
| 0:08 | Build | House |
| 0:15 | Create | Villager (Male) |
| 0:26 | Create | Villager (Male) |
| 0:26 | Create | Villager (Male) |
| 1:22 | Create | Villager (Male) |
| 1:23 | Create | Villager (Male) |
| 1:23 | Create | Villager (Male) |
| 2:00 | Build | Lumber Camp |
| 2:23 | Create | Villager (Male) |
| 2:48 | Create | Villager (Male) |
| 2:48 | Create | Villager (Male) |
| 2:48 | Create | Villager (Male) |
| 3:15 | Create | Villager (Male) |
| 3:18 | Create | Villager (Male) |
| 3:18 | Create | Villager (Male) |
| 3:18 | Create | Villager (Male) |
| 3:48 | Build | Mill |
| 4:10 | Create | Villager (Male) |
| 4:10 | Create | Villager (Male) |
| 4:21 | Build | House |
| 4:25 | Create | Villager (Male) |
| 4:26 | Create | Villager (Male) |
| 4:50 | Create | Villager (Male) |
| 4:58 | Create | Villager (Male) |
| 4:58 | Create | Villager (Male) |
| 4:58 | Create | Villager (Male) |
| 5:12 | Create | Villager (Male) |
| 5:13 | Create | Villager (Male) |
| 6:00 | Create | Villager (Male) |
| 6:00 | Create | Villager (Male) |
| 6:00 | Create | Villager (Male) |
| 6:24 | Create | Villager (Male) |
| 6:25 | Create | Villager (Male) |
| 6:30 | Build | House |
| 6:41 | Create | Villager (Male) |
| 6:51 | Build | House |
| 7:09 | Create | Villager (Male) |
| 7:10 | Create | Villager (Male) |
| 7:30 | Research | Feudal Age |
| 9:39 | Create | Villager (Male) |
| 9:39 | Create | Villager (Male) |
| 9:44 | Age | Feudal Age |
| 9:46 | Build | House |
| 9:49 | Create | Villager (Male) |
| 9:49 | Create | Villager (Male) |
| 10:03 | Build | House |
| 10:20 | Build | Market |
| 10:43 | Research | Double-Bit Axe |
| 11:00 | Build | Blacksmith |
| 11:32 | Build | Farm |
| 11:35 | Create | Villager (Male) |
| 11:50 | Build | Farm |
| 11:58 | Create | Villager (Male) |
| 12:06 | Build | Farm |
| 12:37 | Build | Farm |
| 12:37 | Create | Villager (Male) |
| 13:03 | Build | Farm |
| 13:03 | Build | Farm |
| 13:03 | Build | Farm |
| 13:21 | Research | Castle Age |
| 13:21 | Research | Castle Age |
| 13:21 | Research | Castle Age |
| 13:32 | Build | Mining Camp |
| 13:53 | Build | Lumber Camp |
| 14:18 | Build | Mining Camp |
| 15:29 | Build | Farm |
| 15:29 | Build | Farm |
| 15:30 | Build | Farm |
| 15:30 | Build | Farm |
| 15:30 | Build | Farm |
| 15:32 | Research | Horse Collar |
| 16:01 | Age | Castle Age |
| 16:02 | Research | Bow Saw |
| 16:06 | Create | Villager (Male) |
| 16:07 | Create | Villager (Male) |
| 16:07 | Create | Villager (Male) |
| 16:26 | Build | Monastery |
| 16:53 | Build | Town Center |
| 16:58 | Create | Villager (Male) |
| 17:15 | Create | Monk |
| 17:20 | Create | Villager (Male) |
| 17:20 | Create | Villager (Male) |
| 17:33 | Research | Heavy Plow |
| 17:33 | Research | Heavy Plow |
| 17:33 | Research | Heavy Plow |
| 17:35 | Create | Villager (Male) |
| 17:36 | Create | Villager (Male) |
| 17:58 | Create | Villager (Male) |
| 17:58 | Create | Villager (Male) |
| 17:59 | Create | Villager (Male) |
| 18:04 | Create | Villager (Male) |
| 18:04 | Create | Villager (Male) |
| 18:21 | Create | Villager (Male) |
| 18:21 | Create | Villager (Male) |
| 18:36 | Build | Town Center |
| 18:38 | Create | Villager (Male) |
| 18:39 | Create | Villager (Male) |
| 18:39 | Create | Villager (Male) |
| 18:39 | Create | Villager (Male) |
| 18:56 | Create | Villager (Male) |
| 18:56 | Create | Villager (Male) |
| 18:56 | Create | Villager (Male) |
| 19:06 | Create | Monk |
| 19:19 | Create | Villager (Male) |
| 19:19 | Create | Villager (Male) |
| 19:20 | Create | Villager (Male) |
| 19:20 | Create | Villager (Male) |
| 19:26 | Build | Farm |
| 19:26 | Build | Farm |
| 19:26 | Build | Farm |
| 19:27 | Build | Farm |
| 19:27 | Build | Farm |
| 19:27 | Build | Farm |
| 20:07 | Create | Villager (Male) |
| 20:07 | Create | Villager (Male) |
| 20:08 | Create | Villager (Male) |
| 20:09 | Create | Villager (Male) |
| 20:20 | Build | Farm |
| 20:20 | Build | Farm |
| 20:20 | Build | Farm |
| 20:20 | Build | Farm |
| 20:21 | Build | Farm |
| 20:21 | Build | Farm |
| 20:21 | Build | Farm |
| 20:45 | Build | House |
| 20:45 | Build | House |
| 20:45 | Build | House |
| 20:45 | Build | House |
| 20:46 | Build | House |
| 20:46 | Build | House |
| 20:46 | Build | House |
| 20:46 | Build | House |
| 20:47 | Build | House |
| 20:50 | Research | Wheelbarrow |
| 20:52 | Research | Town Watch |
| 21:17 | Research | Fervor |
| 21:20 | Create | Villager (Male) |
| 21:20 | Create | Villager (Male) |
| 21:20 | Create | Villager (Male) |
| 21:21 | Create | Villager (Male) |
| 21:32 | Build | Mill |
| 21:33 | Build | Farm |
| 21:33 | Build | Farm |
| 21:33 | Build | Farm |
| 21:34 | Build | Farm |
| 21:34 | Build | Farm |
| 21:34 | Build | Farm |
| 21:34 | Build | Farm |
Build order — Vans
First 150 of 350 actions detected
| 0:07 | Create | Villager (Male) |
| 0:07 | Create | Villager (Male) |
| 0:08 | Create | Villager (Male) |
| 0:08 | Create | Villager (Male) |
| 0:09 | Build | House |
| 0:10 | Build | House |
| 1:39 | Create | Villager (Male) |
| 1:39 | Create | Villager (Male) |
| 2:04 | Create | Villager (Male) |
| 2:41 | Create | Villager (Male) |
| 2:41 | Create | Villager (Male) |
| 3:09 | Create | Villager (Male) |
| 3:09 | Create | Villager (Male) |
| 3:37 | Create | Villager (Male) |
| 3:37 | Create | Villager (Male) |
| 3:49 | Build | Lumber Camp |
| 4:01 | Create | Villager (Male) |
| 4:04 | Build | House |
| 4:06 | Create | Villager (Male) |
| 4:07 | Create | Villager (Male) |
| 4:49 | Create | Villager (Male) |
| 4:51 | Research | Loom |
| 4:55 | Create | Villager (Male) |
| 5:25 | Create | Villager (Male) |
| 5:26 | Create | Villager (Male) |
| 5:28 | Build | Mill |
| 5:32 | Build | House |
| 5:53 | Create | Villager (Male) |
| 6:06 | Build | House |
| 6:15 | Create | Villager (Male) |
| 6:57 | Create | Villager (Male) |
| 6:58 | Create | Villager (Male) |
| 7:22 | Create | Villager (Male) |
| 7:53 | Create | Villager (Male) |
| 8:05 | Create | Villager (Male) |
| 8:24 | Build | Mining Camp |
| 8:26 | Create | Villager (Male) |
| 8:41 | Create | Villager (Male) |
| 10:00 | Create | Villager (Male) |
| 10:30 | Create | Villager (Male) |
| 10:59 | Create | Villager (Male) |
| 11:18 | Create | Villager (Male) |
| 11:22 | Build | House |
| 11:27 | Create | Villager (Male) |
| 11:28 | Create | Villager (Male) |
| 11:28 | Create | Villager (Male) |
| 11:54 | Build | Mining Camp |
| 12:04 | Build | House |
| 12:38 | Build | House |
| 12:51 | Research | Feudal Age |
| 13:13 | Build | Mill |
| 14:18 | Build | Farm |
| 14:19 | Build | Farm |
| 14:21 | Build | Farm |
| 14:22 | Build | Farm |
| 14:23 | Build | Farm |
| 14:26 | Build | Farm |
| 14:29 | Build | Farm |
| 14:38 | Create | Villager (Male) |
| 14:39 | Create | Villager (Male) |
| 14:39 | Create | Villager (Male) |
| 14:41 | Create | Villager (Male) |
| 14:57 | Build | Farm |
| 15:22 | Age | Feudal Age |
| 15:25 | Build | Market |
| 15:30 | Build | Market |
| 16:18 | Build | Farm |
| 16:19 | Build | Farm |
| 16:20 | Build | Farm |
| 16:22 | Build | Farm |
| 16:23 | Build | Farm |
| 16:44 | Build | Blacksmith |
| 16:52 | Build | Farm |
| 16:55 | Create | Villager (Male) |
| 17:40 | Build | Farm |
| 17:43 | Research | Castle Age |
| 17:55 | Research | Horse Collar |
| 19:52 | Research | Wheelbarrow |
| 20:16 | Research | Double-Bit Axe |
| 20:17 | Research | Stone Mining |
| 20:18 | Research | Gold Mining |
| 20:23 | Age | Castle Age |
| 20:30 | Create | Villager (Male) |
| 20:30 | Create | Villager (Male) |
| 20:31 | Create | Villager (Male) |
| 21:03 | Create | Villager (Male) |
| 21:03 | Create | Villager (Male) |
| 21:04 | Create | Villager (Male) |
| 21:25 | Research | Gold Shaft Mining |
| 21:26 | Research | Heavy Plow |
| 21:32 | Create | Villager (Male) |
| 22:31 | Build | Farm |
| 22:35 | Create | Villager (Male) |
| 22:43 | Build | Farm |
| 22:50 | Build | Castle |
| 22:59 | Research | Hand Cart |
| 23:03 | Build | House |
| 23:05 | Build | House |
| 23:12 | Build | Farm |
| 23:20 | Create | Villager (Male) |
| 23:22 | Create | Villager (Male) |
| 24:41 | Create | Villager (Male) |
| 25:05 | Build | Castle |
| 25:18 | Build | Farm |
| 25:29 | Build | House |
| 25:30 | Build | House |
| 25:46 | Research | Tech 455 |
| 26:32 | Build | House |
| 26:35 | Build | House |
| 26:37 | Build | Farm |
| 26:48 | Create | Boyar ×5 |
| 26:49 | Create | Boyar ×5 |
| 26:49 | Create | Boyar ×5 |
| 26:49 | Create | Boyar ×5 |
| 26:49 | Create | Boyar ×5 |
| 27:02 | Build | Farm |
| 27:07 | Create | Villager (Male) |
| 27:14 | Create | Villager (Male) |
| 27:14 | Create | Villager (Male) |
| 27:14 | Create | Villager (Male) |
| 27:15 | Create | Villager (Male) |
| 27:16 | Create | Villager (Male) |
| 27:27 | Build | Farm |
| 27:35 | Create | Villager (Male) |
| 27:43 | Create | Boyar |
| 27:43 | Create | Boyar |
| 27:43 | Create | Boyar |
| 27:43 | Create | Boyar |
| 27:57 | Research | Scale Barding Armor |
| 27:58 | Research | Forging |
| 28:08 | Create | Villager (Male) |
| 28:57 | Create | Boyar |
| 28:57 | Create | Boyar |
| 28:57 | Create | Boyar |
| 28:58 | Create | Boyar |
| 29:21 | Research | Bow Saw |
| 29:48 | Build | Town Center |
| 29:56 | Create | Villager (Male) |
| 30:04 | Create | Boyar |
| 30:04 | Create | Boyar |
| 30:04 | Create | Boyar |
| 30:05 | Create | Boyar |
| 31:18 | Build | Town Center |
| 31:22 | Build | Farm |
| 31:23 | Build | Farm |
| 31:24 | Build | Farm |
| 31:25 | Build | Farm |
| 31:29 | Create | Villager (Male) |
| 31:30 | Create | Villager (Male) |
| 31:31 | Create | Villager (Male) |
Build order — Liiiii
First 150 of 477 actions detected
| 0:03 | Create | Villager (Male) |
| 0:03 | Create | Villager (Male) |
| 0:04 | Create | Villager (Male) |
| 0:04 | Create | Villager (Male) |
| 0:04 | Create | Villager (Male) |
| 0:11 | Build | House |
| 0:16 | Build | House |
| 1:28 | Create | Villager (Male) |
| 1:29 | Create | Villager (Male) |
| 1:51 | Build | Lumber Camp |
| 1:52 | Create | Villager (Male) |
| 1:53 | Create | Villager (Male) |
| 2:26 | Create | Villager (Male) |
| 2:27 | Create | Villager (Male) |
| 2:47 | Create | Villager (Male) |
| 2:47 | Create | Villager (Male) |
| 2:57 | Create | Villager (Male) |
| 2:57 | Create | Villager (Male) |
| 3:52 | Build | House |
| 3:54 | Create | Villager (Male) |
| 3:54 | Create | Villager (Male) |
| 3:57 | Create | Villager (Male) |
| 3:58 | Create | Villager (Male) |
| 4:34 | Build | House |
| 4:44 | Create | Villager (Male) |
| 4:56 | Build | Mill |
| 5:01 | Create | Villager (Male) |
| 5:01 | Create | Villager (Male) |
| 5:01 | Create | Villager (Male) |
| 5:45 | Create | Villager (Male) |
| 6:06 | Create | Villager (Male) |
| 6:06 | Create | Villager (Male) |
| 7:17 | Create | Villager (Male) |
| 7:26 | Create | Villager (Male) |
| 7:48 | Create | Villager (Male) |
| 7:51 | Create | Villager (Male) |
| 8:10 | Research | Feudal Age |
| 8:37 | Build | Mining Camp |
| 8:58 | Build | Farm |
| 9:01 | Build | Farm |
| 9:04 | Build | Farm |
| 10:14 | Build | House |
| 10:46 | Build | House |
| 10:51 | Build | House |
| 10:57 | Build | House |
| 11:06 | Build | House |
| 11:07 | Age | Feudal Age |
| 11:13 | Build | House |
| 11:40 | Build | Farm |
| 11:49 | Create | Villager (Male) |
| 11:50 | Create | Villager (Male) |
| 12:00 | Build | Market |
| 12:04 | Build | Blacksmith |
| 12:17 | Build | Farm |
| 12:23 | Build | Farm |
| 12:43 | Build | Mining Camp |
| 12:52 | Create | Villager (Male) |
| 13:06 | Research | Castle Age |
| 13:33 | Research | Double-Bit Axe |
| 13:33 | Research | Double-Bit Axe |
| 13:35 | Research | Horse Collar |
| 13:35 | Research | Horse Collar |
| 13:46 | Build | House |
| 14:35 | Create | Villager (Male) |
| 14:35 | Create | Villager (Male) |
| 15:19 | Research | Loom |
| 15:20 | Create | Villager (Male) |
| 15:20 | Create | Villager (Male) |
| 15:20 | Create | Villager (Male) |
| 15:57 | Age | Castle Age |
| 16:04 | Create | Villager (Male) |
| 16:07 | Research | Bow Saw |
| 16:09 | Research | Heavy Plow |
| 16:10 | Research | Heavy Plow |
| 16:36 | Create | Villager (Male) |
| 16:59 | Build | Castle |
| 17:09 | Build | Farm |
| 17:09 | Build | Farm |
| 17:10 | Build | Farm |
| 17:10 | Build | Farm |
| 17:25 | Create | Villager (Male) |
| 17:26 | Create | Villager (Male) |
| 17:56 | Build | House |
| 17:57 | Build | House |
| 18:23 | Build | House |
| 18:30 | Build | Town Center |
| 18:55 | Create | Villager (Male) |
| 18:59 | Research | Wheelbarrow |
| 19:03 | Build | House |
| 19:27 | Build | Siege Workshop |
| 19:33 | Create | Villager (Male) |
| 19:41 | Build | Farm |
| 20:01 | Create | Villager (Male) |
| 20:01 | Create | Villager (Male) |
| 20:05 | Create | Villager (Male) |
| 20:12 | Create | Villager (Male) |
| 20:22 | Build | Mining Camp |
| 20:24 | Create | Hussite Wagon |
| 20:34 | Create | Villager (Male) |
| 20:34 | Create | Villager (Male) |
| 20:39 | Build | Farm |
| 20:50 | Create | Villager (Male) |
| 20:50 | Create | Villager (Male) |
| 20:51 | Create | Villager (Male) |
| 21:04 | Create | Battering Ram |
| 21:43 | Create | Villager (Male) |
| 21:43 | Create | Villager (Male) |
| 21:46 | Build | Farm |
| 21:48 | Build | Farm |
| 21:52 | Build | Farm |
| 21:58 | Research | Hand Cart |
| 22:25 | Create | Villager (Male) |
| 22:25 | Create | Villager (Male) |
| 22:25 | Create | Villager (Male) |
| 22:33 | Build | Farm |
| 23:27 | Build | Castle |
| 23:41 | Create | Battering Ram |
| 23:45 | Create | Hussite Wagon |
| 23:48 | Create | Villager (Male) |
| 23:49 | Create | Villager (Male) |
| 23:57 | Build | Town Center |
| 23:59 | Create | Villager (Male) |
| 23:59 | Create | Villager (Male) |
| 23:59 | Create | Villager (Male) |
| 24:05 | Create | Villager (Male) |
| 24:05 | Create | Villager (Male) |
| 24:05 | Create | Villager (Male) |
| 24:13 | Build | Lumber Camp |
| 24:25 | Build | Farm |
| 24:28 | Build | Farm |
| 25:25 | Build | Mining Camp |
| 25:51 | Create | Hussite Wagon |
| 25:55 | Create | Villager (Male) |
| 25:55 | Create | Villager (Male) |
| 25:55 | Create | Villager (Male) |
| 26:00 | Build | Farm |
| 26:04 | Build | Farm |
| 26:07 | Create | Villager (Male) |
| 26:07 | Create | Villager (Male) |
| 26:08 | Create | Villager (Male) |
| 26:11 | Create | Villager (Male) |
| 26:11 | Create | Villager (Male) |
| 26:12 | Create | Villager (Male) |
| 26:12 | Create | Villager (Male) |
| 26:27 | Build | Farm |
| 27:05 | Build | Farm |
| 27:06 | Build | Farm |
| 27:23 | Build | Castle |
| 27:35 | Build | Farm |
| 27:37 | Create | Villager (Male) |
Build order — djsuperguillermo
First 150 of 550 actions detected
| 0:06 | Build | House |
| 0:08 | Build | House |
| 0:13 | Create | Villager (Male) |
| 0:13 | Create | Villager (Male) |
| 0:13 | Create | Villager (Male) |
| 0:13 | Create | Villager (Male) |
| 0:14 | Create | Villager (Male) |
| 0:14 | Create | Villager (Male) |
| 1:47 | Create | Villager (Male) |
| 1:47 | Create | Villager (Male) |
| 1:47 | Create | Villager (Male) |
| 2:00 | Build | Lumber Camp |
| 2:45 | Create | Villager (Male) |
| 2:45 | Create | Villager (Male) |
| 2:46 | Create | Villager (Male) |
| 3:08 | Create | Villager (Male) |
| 3:09 | Create | Villager (Male) |
| 3:09 | Create | Villager (Male) |
| 3:28 | Create | Villager (Male) |
| 3:29 | Create | Villager (Male) |
| 3:29 | Create | Villager (Male) |
| 4:08 | Create | Villager (Male) |
| 4:08 | Create | Villager (Male) |
| 4:14 | Create | Villager (Male) |
| 4:14 | Create | Villager (Male) |
| 4:15 | Create | Villager (Male) |
| 4:57 | Build | House |
| 4:59 | Build | House |
| 5:17 | Create | Villager (Male) |
| 5:17 | Create | Villager (Male) |
| 5:18 | Create | Villager (Male) |
| 5:27 | Build | House |
| 5:37 | Create | Villager (Male) |
| 5:37 | Create | Villager (Male) |
| 5:37 | Create | Villager (Male) |
| 5:38 | Create | Villager (Male) |
| 5:38 | Create | Villager (Male) |
| 5:38 | Create | Villager (Male) |
| 5:38 | Create | Villager (Male) |
| 6:24 | Create | Villager (Male) |
| 6:24 | Create | Villager (Male) |
| 6:24 | Create | Villager (Male) |
| 6:24 | Create | Villager (Male) |
| 6:25 | Create | Villager (Male) |
| 6:41 | Build | Mill |
| 6:50 | Create | Villager (Male) |
| 6:50 | Create | Villager (Male) |
| 6:50 | Create | Villager (Male) |
| 6:51 | Create | Villager (Male) |
| 7:11 | Create | Villager (Male) |
| 7:12 | Create | Villager (Male) |
| 7:12 | Create | Villager (Male) |
| 7:12 | Create | Villager (Male) |
| 7:36 | Build | Farm |
| 7:40 | Build | Farm |
| 7:42 | Build | Farm |
| 8:08 | Create | Villager (Male) |
| 8:09 | Create | Villager (Male) |
| 8:09 | Create | Villager (Male) |
| 8:09 | Create | Villager (Male) |
| 8:17 | Build | Farm |
| 8:50 | Create | Villager (Male) |
| 8:50 | Create | Villager (Male) |
| 9:13 | Build | Mining Camp |
| 9:18 | Create | Villager (Male) |
| 10:29 | Build | Mining Camp |
| 10:44 | Build | House |
| 11:14 | Research | Feudal Age |
| 11:19 | Create | Villager (Male) |
| 11:19 | Create | Villager (Male) |
| 11:19 | Create | Villager (Male) |
| 13:24 | Age | Feudal Age |
| 13:28 | Build | Market |
| 13:33 | Build | Blacksmith |
| 13:53 | Research | Horse Collar |
| 13:58 | Research | Double-Bit Axe |
| 14:18 | Research | Castle Age |
| 14:18 | Research | Castle Age |
| 15:50 | Build | Farm |
| 15:54 | Build | Farm |
| 16:12 | Build | Farm |
| 16:13 | Build | Farm |
| 16:17 | Build | Farm |
| 17:13 | Build | Farm |
| 17:19 | Age | Castle Age |
| 17:20 | Build | Farm |
| 17:30 | Build | Castle |
| 17:37 | Build | Siege Workshop |
| 17:50 | Create | Villager (Male) |
| 17:50 | Create | Villager (Male) |
| 17:50 | Create | Villager (Male) |
| 17:50 | Create | Villager (Male) |
| 17:55 | Build | Lumber Camp |
| 18:19 | Research | Forging |
| 18:23 | Create | Villager (Male) |
| 18:23 | Create | Villager (Male) |
| 18:26 | Create | Petard |
| 18:26 | Create | Petard |
| 18:37 | Create | Battering Ram |
| 19:17 | Create | Battering Ram |
| 19:21 | Create | Serjeant |
| 19:22 | Create | Serjeant |
| 19:22 | Create | Serjeant |
| 19:23 | Create | Serjeant |
| 19:26 | Create | Serjeant |
| 19:26 | Create | Serjeant |
| 19:36 | Build | Farm |
| 19:42 | Build | Farm |
| 20:07 | Create | Villager (Male) |
| 20:10 | Create | Serjeant |
| 20:11 | Create | Serjeant |
| 20:12 | Create | Battering Ram |
| 20:48 | Create | Battering Ram |
| 20:52 | Create | Serjeant |
| 20:52 | Create | Serjeant |
| 20:54 | Create | Villager (Male) |
| 20:54 | Create | Villager (Male) |
| 20:56 | Build | House |
| 21:08 | Create | Serjeant |
| 21:08 | Create | Serjeant |
| 21:26 | Create | Battering Ram |
| 21:29 | Create | Serjeant |
| 21:29 | Create | Serjeant |
| 21:44 | Build | House |
| 21:46 | Build | House |
| 22:05 | Create | Battering Ram |
| 22:06 | Create | Serjeant |
| 22:06 | Create | Serjeant |
| 22:57 | Create | Serjeant |
| 22:57 | Create | Serjeant |
| 22:57 | Create | Serjeant |
| 23:33 | Create | Battering Ram |
| 23:33 | Create | Battering Ram |
| 23:36 | Create | Serjeant |
| 23:36 | Create | Serjeant |
| 23:37 | Create | Serjeant |
| 24:37 | Create | Petard |
| 24:37 | Create | Petard |
| 25:42 | Create | Battering Ram |
| 25:42 | Create | Battering Ram |
| 25:47 | Create | Serjeant |
| 25:47 | Create | Serjeant |
| 25:48 | Create | Serjeant |
| 26:30 | Create | Villager (Male) |
| 26:31 | Create | Villager (Male) |
| 26:35 | Build | Town Center |
| 26:52 | Build | Town Center |
| 27:24 | Create | Battering Ram |
| 27:26 | Create | Serjeant |
| 27:26 | Create | Serjeant |
Match timeline
| 8:57 | oscabar85 · first_building Barracks |
| 9:44 | PaPi · age_up feudal |
| 10:05 | Akakabuto · first_building Barracks |
| 10:41 | Lemmy Kilmister · first_building Barracks |
| 10:43 | Akakabuto · age_up feudal |
| 10:43 | oscabar85 · age_up feudal |
| 11:07 | Liiiii · age_up feudal |
| 11:22 | Lemmy Kilmister · age_up feudal |
| 11:38 | Lemmy Kilmister · first_building Stable |
| 12:13 | oscabar85 · first_market_sell 100 food |
| 12:16 | oscabar85 · first_market_buy 100 wood |
| 12:37 | caillou · age_up feudal |
| 13:19 | PaPi · first_market_sell 100 wood |
| 13:24 | djsuperguillermo · age_up feudal |
| 15:02 | Lemmy Kilmister · age_up castle |
| 15:22 | Vans · age_up feudal |
| 15:32 | oscabar85 · age_up castle |
| 15:33 | caillou · first_building Barracks |
| 15:46 | Lemmy Kilmister · first_building Monastery |
| 15:53 | Akakabuto · age_up castle |
| 15:57 | Liiiii · age_up castle |
| 16:01 | PaPi · age_up castle |
| 16:02 | oscabar85 · first_building Castle |
| 16:26 | PaPi · first_building Monastery |
| 16:39 | Vans · first_market_sell 100 stone |
| 16:41 | Vans · first_market_buy 100 wood |
| 16:46 | PaPi · first_market_buy 100 wood |
| 16:59 | Liiiii · first_building Castle |
| 17:15 | oscabar85 · first_building Siege Workshop |
| 17:16 | caillou · first_building Archery Range |
| 17:19 | djsuperguillermo · age_up castle |
| 17:26 | caillou · first_building Siege Workshop |
| 17:30 | djsuperguillermo · first_building Castle |
| 17:37 | djsuperguillermo · first_building Siege Workshop |
| 19:16 | caillou · first_building Stable |
| 19:27 | Liiiii · first_building Siege Workshop |
| 20:23 | Vans · age_up castle |
| 21:50 | Akakabuto · first_building Castle |
| 22:35 | PaPi · first_building Barracks |
| 22:50 | Vans · first_building Castle |
| 23:21 | Lemmy Kilmister · first_market_sell 100 wood |
| 24:49 | Lemmy Kilmister · first_building Siege Workshop |
| 25:07 | PaPi · first_building Archery Range |
| 25:20 | Akakabuto · first_market_buy 100 stone |
| 25:31 | Lemmy Kilmister · first_market_buy 100 stone |
| 25:37 | caillou · age_up castle |
| 26:44 | djsuperguillermo · first_market_buy 100 stone |
| 26:58 | oscabar85 · tribute_sent a jugador 1 |
| 26:58 | oscabar85 · tribute_sent a jugador 2 |
| 26:58 | oscabar85 · tribute_sent a jugador 4 |
| 26:58 | oscabar85 · tribute_sent a jugador 5 |
| 26:58 | oscabar85 · tribute_sent a jugador 6 |
| 26:58 | oscabar85 · tribute_sent a jugador 7 |
| 26:58 | oscabar85 · tribute_sent a jugador 8 |
| 27:22 | caillou · first_market_buy 100 stone |
| 28:06 | Lemmy Kilmister · age_up imperial |
| 30:16 | oscabar85 · resign |
| 30:35 | djsuperguillermo · first_building Barracks |
| 32:00 | PaPi · first_building Castle |
| 32:32 | Liiiii · first_building Barracks |
| 34:50 | Liiiii · wall_segment Stone Wall x4 |
| 35:36 | Liiiii · age_up imperial |
| 36:17 | PaPi · age_up imperial |
| 36:18 | Vans · age_up imperial |
| 37:28 | djsuperguillermo · first_building Archery Range |
| 37:33 | Akakabuto · age_up imperial |
| 39:04 | caillou · first_building Monastery |
| 39:12 | djsuperguillermo · age_up imperial |
| 40:09 | Akakabuto · first_building Stable |
| 41:03 | Lemmy Kilmister · first_building Castle |
| 43:27 | caillou · first_market_sell 100 food |
| 43:35 | caillou · age_up imperial |
| 47:46 | Lemmy Kilmister · tribute_sent a jugador 1 |
| 47:46 | Lemmy Kilmister · tribute_sent a jugador 2 |
| 47:46 | Lemmy Kilmister · tribute_sent a jugador 3 |
| 47:46 | Lemmy Kilmister · tribute_sent a jugador 5 |
| 47:46 | Lemmy Kilmister · tribute_sent a jugador 6 |
| 47:46 | Lemmy Kilmister · tribute_sent a jugador 7 |
| 47:46 | Lemmy Kilmister · tribute_sent a jugador 8 |
| 47:59 | Liiiii · first_market_sell 100 food |
| 54:16 | djsuperguillermo · first_building Stable |
[ AI ANALYSIS · 1 CREDIT ]
What really happened in this match?
Wolo.gg analyzes every decision: build order, eco, micro, common mistakes by bracket. Personalized analysis on WhatsApp or Discord in 30 seconds.
Civ guide
Teutons
Perfil
Jugador #24901403